 Dungeon Crawl Stone Soup version 0.30-b1-2-g02819fbbbe (webtiles) character file.

Game seed: 11267602590462339662

25178 LLlMATKO the Cleaver (level 12, -3/113 HPs)
             Began as a Minotaur Berserker on Nov 16, 2023.
             Was a High Priest of Trog.
             Slain by Jorgrun
             ... wielding a staff of earth
              (5 damage)
             ... on level 13 of the Dungeon on Nov 18, 2023.
             The game lasted 00:14:56 (12138 turns).

LLlMATKO the Cleaver (Minotaur Berserker)          Turns: 12138, Time: 00:14:57

Health: -3/113     AC: 25    Str: 30    XL:     12   Next: 87%
Magic:  11/11      EV:  8    Int:  4    God:    Trog [*****.]
Gold:   435        SH: 12    Dex: 10    Spells: 11/11 levels left

rFire   + . .        v - +0 war axe (vamp)
rCold   . . .        Q - +1 buckler of Xivam {rElec Str+3}
rNeg    . . .        L - +1 plate armour
rPois   +            e - +2 hat
rElec   +            h - +0 cloak of Facvigra {rPois rF+}
rCorr   .            u - +2 pair of gloves
SInv    .            D - +0 pair of boots
Will    .....        P - amulet of reflection
Stlth   x              - ring of poison resistance
HPRegen 0.38/turn    y - ring of flight
MPRegen 0.12/turn

%: reflection
@: grasped by roots, on berserk cooldown, flying, slowed, constricted, very slow
A: horns 2, retaliatory headbutt
a: Renounce Religion, Berserk, Trog's Hand, Brothers in Arms


You were on level 13 of the Dungeon.
You worshipped Trog.
Trog was extremely pleased with you.
You visited 1 branch of the dungeon, and saw 13 of its levels.
You also visited: Bailey.

You collected 691 gold pieces.
You spent 256 gold pieces at shops.

Inventory:

Hand Weapons
 v - a +0 vampiric war axe (weapon)
 G - a +0 war axe
 O - a +0 whip of electrocution
Missiles
 q - 3 atropa-tipped darts
 A - 25 poisoned darts (quivered)
Armour
 e - a +2 hat (worn)
 h - the +0 cloak of Facvigra (worn) {rPois rF+}
   (You acquired it on level 9 of the Dungeon)

   rF:        It protects you from fire.
   rPois:     It protects you from poison.
 p - a +1 cloak of willpower
 u - a +2 pair of gloves (worn)
 D - a +0 pair of boots (worn)
 L - a +1 plate armour (worn)
 Q - the +1 buckler of Xivam (worn) {rElec Str+3}
   (You bought it in a shop on level 8 of the Dungeon)

   Str:       It affects your strength (+3).
   rElec:     It insulates you from electricity.
Jewellery
 x - a ring of poison resistance (left hand)
 y - a ring of flight (right hand)
 C - a +4 ring of protection
 N - a ring of ice
 P - an amulet of reflection (around neck)
Wands
 a - a wand of flame (38)
 z - a wand of roots (13)
 E - a wand of polymorph (4)
 H - a wand of charming (4)
Scrolls
 c - 6 scrolls of teleportation
 f - 6 scrolls of immolation
 j - 8 scrolls of identify
 n - 3 scrolls of fog
 s - 2 scrolls of magic mapping
 B - 3 scrolls of poison
 J - a scroll of enchant armour
Potions
 b - 8 potions of curing
 d - 5 potions of heal wounds
 g - 5 potions of mutation {unknown}
 i - a potion of ambrosia {unknown}
 k - 3 potions of brilliance
 l - 4 potions of might {unknown}
 m - 2 potions of magic {unknown}
 o - 6 potions of attraction {unknown}
 r - 3 potions of resistance {unknown}
 w - 2 potions of cancellation {unknown}
 F - 2 potions of lignification {unknown}
 I - a potion of flight {unknown}


   Skills:
 + Level 12.3 Fighting
 + Level 12.4 Axes
 + Level 12.0 Armour
 + Level 11.1 Dodging
 + Level 11.7 Shields


You had 11 spell levels left.
You didn't know any spells.
Your spell library was empty.

Dungeon Overview and Level Annotations

Branches:
Dungeon (13/15)            Temple (0/1) D:4            Lair (0/5) D:9
    Orc (0/2) D:9          Vaults (0/5) D:13         Bailey (visited)

Altars:
Cheibriados
Elyvilon
Hepliaklqana
Kikubaaqudgha
Okawaru
Sif Muna
Trog
Wu Jian
Zin
The Shining One

Shops:
D:8 ([

Annotations:
D:10 1 runed translucent door
D:13 Jorgrun


Innate Abilities, Weirdness & Mutations

You have a pair of horns on your head.
You reflexively headbutt those who attack you in melee.


Message History

Unknown command.
Unknown command.
As you read the scroll of fear, it crumbles to dust.
You assume a fearsome visage.
Jorgrun resists with almost no effort.
The blink frog looks frightened!
The blink frog blinks!
Jorgrun casts a spell at you.
You struggle to resist.
The blink frog blinks!
Jorgrun hits you with a staff of earth.
* * * LOW HITPOINT WARNING * * *
Unknown command.
Unknown command.
You slice Jorgrun!!
You feel better.
Your headbutt misses Jorgrun.
Jorgrun is heavily wounded.
The blink frog blinks! x2; Jorgrun hits you but does no damage.
Unknown command.
Unknown command.
You barely miss Jorgrun.
Jorgrun is heavily wounded.
The blink frog blinks!
Jorgrun gestures next to you while chanting.
The metal wall shatters!
The blast of metal fragments hits you but does no damage.
The blink frog blinks!
Unknown command.
Jorgrun hits you with a staff of earth.
* * * LOW HITPOINT WARNING * * *
You block Jorgrun's attack. Jorgrun attacks as you move away!
Jorgrun hits you with a staff of earth.
* * * LOW HITPOINT WARNING * * *
Jorgrun shatters you.
* * * LOW HITPOINT WARNING * * *
There is a stone staircase leading up here.
Unknown command.
Jorgrun casts a spell at you.
Roots burst forth from the earth!
The grasping roots grab you! The grasping roots constrict you.
* * * LOW HITPOINT WARNING * * *
Jorgrun hits you but does no damage. Jorgrun shatters you.
You die...

#####..#######..........
....#..#.....#..........
....#..#.....#...###.##.
....#..#.....#...# #
....#..#.....#...#
....#..#.....#...#
##')#..#''####...#
...)...[.........#
...............g@#
##++#..#''#.##...#
#..#.....#...#
#..#.....#...#
#..#.....#...#
#..#.....#...#
#..#.....#<..#
#..#######...# #...
....#


You could see Jorgrun.

Vanquished Creatures
  Frances (D:13)
  An ironbound preserver (D:13)
  2 centaur warriors
  A boulder beetle (D:13)
  5 two-headed ogres
  2 ugly things
  A cyclops (D:11)
  2 gargoyles
  2 unseen horrors
  A rime drake (D:9)
  3 kobold demonologists (D:13)
  9 trolls
  A hornet (D:7)
  Grinder (D:5)
  2 vampires
  2 culicivoras (shapeshifter) (D:13)
  13 slime creatures (D:12)
  6 spriggans (Bailey)
  2 wyverns
  A shadow (D:11)
  17 yaks
  Eustachio (D:4)
  3 wraiths
  A steam dragon (D:8)
  Menkaure (D:5)
  3 vampire mosquitoes
  An acid dragon (Bailey)
  Duvessa (D:5)
  4 orc warriors
  A sky beast (D:7)
  5 ice beasts
  A black bear (D:4)
  5 centaurs
  A wolf (D:9)
  6 ogres
  6 kobold brigands
  2 phantoms
  3 bullfrogs
  A gnoll sergeant (D:9)
  2 scorpions (D:5)
  Dowan (D:5)
  8 wights
  2 howler monkeys (D:11)
  2 electric eels
  A jelly (D:4)
  6 orc priests
  4 gnoll boudas
  Crazy Yiuf (D:2)
  6 hounds
  Terence (D:2)
  6 iguanas
  Ijyb (D:4)
  8 orc wizards
  12 adders
  23 gnolls
  A white imp (D:7)
  3 dart slugs
  41 orcs
  11 endoplasms
  A giant cockroach (D:1)
  10 goblins
  8 hobgoblins
  10 jackals
  22 kobolds
  2 quokkas
  5 ball pythons
  6 bats
  2 frilled lizards
  5 rats
332 creatures vanquished.

Vanquished Creatures (others)
  A bullfrog (D:8)
  A gnoll (D:7)
  24 plants (D:7)
26 creatures vanquished.

Grand Total: 358 creatures vanquished

Notes
Turn   | Place    | Note
-------+----------+-------------------------------------------
     0 | D:1      | LLlMATKO the Minotaur Berserker began the quest for the
                  | Orb.
     0 | D:1      | Reached XP level 1. HP: 19/19 MP: 0/0
   118 | D:1      | You fall into a shaft and drop 1 floor!
   304 | D:2      | Found a runed translucent door.
   305 | D:2      | Noticed Crazy Yiuf
   360 | D:2      | Noticed Terence
   366 | D:2      | Killed Terence
   367 | D:2      | Reached skill level 1 in Shields
   367 | D:2      | Reached XP level 2. HP: 27/27 MP: 1/1
   367 | D:2      | Reached XP level 3. HP: 33/33 MP: 2/2
   742 | D:1      | Reached ** piety under Trog
   746 | D:1      | Reached XP level 4. HP: 32/40 MP: 3/3
  1606 | D:2      | Found a faded altar of an unknown god.
  2059 | D:2      | Killed Crazy Yiuf
  2146 | D:3      | Reached XP level 5. HP: 47/47 MP: 4/4
  2302 | D:3      | Found an ancient bone altar of Kikubaaqudgha.
  2540 | D:3      | Found a shimmering blue altar of Sif Muna.
  2595 | D:4      | Noticed Ijyb
  2605 | D:4      | Killed Ijyb
  2783 | D:4      | Found a staircase to the Ecumenical Temple.
  2810 | D:4      | Reached XP level 6. HP: 54/55 MP: 5/5
  2837 | D:4      | Reached skill level 5 in Fighting
  2837 | D:4      | Reached skill level 5 in Axes
  2846 | D:4      | Noticed Eustachio
  2863 | D:4      | Killed Eustachio
  2864 | D:4      | Reached XP level 7. HP: 61/61 MP: 6/6
  3329 | D:5      | Entered Level 5 of the Dungeon
  3341 | D:5      | Reached *** piety under Trog
  3459 | D:5      | Noticed Duvessa
  3459 | D:5      | Noticed Dowan
  3460 | D:5      | Noticed Grinder
  3474 | D:5      | Killed Duvessa
  3475 | D:5      | Reached skill level 5 in Armour
  3491 | D:5      | Killed Dowan
  3515 | D:5      | Killed Grinder
  3516 | D:5      | Reached skill level 5 in Dodging
  3678 | D:5      | Noticed Menkaure
  3682 | D:5      | Killed Menkaure
  3683 | D:5      | Reached XP level 8. HP: 70/70 MP: 7/7
  3898 | D:5      | Reached skill level 5 in Shields
  4099 | D:5      | Identified the +4 spear of the Median {vamp, rC+}
  4314 | D:5      | Found a glowing golden altar of the Shining One.
  4317 | D:5      | Found a snail-covered altar of Cheibriados.
  4322 | D:5      | Found a glowing silver altar of Zin.
  4928 | D:6      | Reached XP level 9. HP: 79/79 MP: 8/8
  4984 | D:6      | Found an iron altar of Okawaru.
  5249 | D:7      | Reached **** piety under Trog
  5468 | D:7      | Paralysed by a hornet for 1 turns
  5713 | D:7      | Found an ornate altar of the Wu Jian Council.
  6494 | D:8      | Found Wuemaw's Weapon Shop.
  6646 | D:8      | Found Widwim's Antique Armour Emporium.
  6661 | D:8      | Bought a warped buckler for 256 gold pieces
  6661 | D:8      | Identified the +1 buckler of Xivam {rElec Str+3} (You
                  | bought it in a shop on level 8 of the Dungeon)
  6891 | D:9      | Identified a scroll of acquirement
  6891 | D:9      | Acquired the +0 cloak of Facvigra {rPois rF+}
  7040 | D:9      | Found a flagged portal.
  7052 | Bailey   | Entered a bailey
  7084 | Bailey   | Reached XP level 10. HP: 65/90 MP: 9/9
  7253 | Bailey   | Noticed a two-headed ogre
  7260 | Bailey   | Killed a two-headed ogre
  7552 | D:9      | Noticed a two-headed ogre
  7565 | D:9      | Killed a two-headed ogre
  7681 | D:9      | Found a white marble altar of Elyvilon.
  7861 | D:9      | Found a bloodstained altar of Trog.
  7886 | D:9      | Found a staircase to the Orcish Mines.
  7896 | D:9      | Reached XP level 11. HP: 99/99 MP: 10/10
  7911 | D:9      | Reached skill level 10 in Fighting
  7937 | D:9      | Found a staircase to the Lair.
  7940 | D:9      | Reached skill level 10 in Axes
  8185 | D:9      | Noticed a two-headed ogre
  8187 | D:9      | Noticed a two-headed ogre
  8193 | D:9      | Killed a two-headed ogre
  8202 | D:9      | Killed a two-headed ogre
  8542 | D:10     | Entered Level 10 of the Dungeon
  8555 | D:10     | Found a hazy altar of Hepliaklqana.
  8601 | D:10     | Found a runed translucent door.
  8641 | D:10     | Reached ***** piety under Trog
  8642 | D:10     | Reached skill level 10 in Armour
  8739 | D:10     | Noticed a two-headed ogre
  8745 | D:10     | Killed a two-headed ogre
  8941 | D:10     | Found a runed translucent door.
  9175 | D:10     | Reached skill level 10 in Shields
  9707 | D:10     | Noticed a red ugly thing
  9731 | D:10     | Killed a red ugly thing
 10230 | D:11     | Noticed a centaur warrior
 10244 | D:11     | Killed a centaur warrior
 10245 | D:11     | Reached skill level 10 in Dodging
 10245 | D:11     | Reached XP level 12. HP: 107/110 MP: 11/11
 11368 | D:13     | Noticed a boulder beetle
 11545 | D:13     | Killed a boulder beetle
 11735 | D:13     | Found a gate to the Vaults.
 11735 | D:13     | Noticed an ironbound preserver
 11735 | D:13     | Noticed a centaur warrior
 11741 | D:13     | Killed a centaur warrior
 11747 | D:13     | Killed an ironbound preserver
 11796 | D:13     | Noticed Frances
 11812 | D:13     | Killed Frances
 12009 | D:13     | Noticed Jorgrun
 12137 | D:13     | HP: 4/113 [Jorgrun/staff of earth (6)]
 12138 | D:13     | Slain by Jorgrun

Illustrated notes

Levels and vault maps discovered:
D:1:      amcnicky_arrival_flooded_fountain, layout_basic
D:2:      layout_basic, ebering_ecumenical_altar_rust, minmay_misc_feat_encased,
          uniq_terence, uniq_crazy_yiuf_cottage
D:3:      layout_rooms, nicolae_kikubaaqudgha_miasma_corner,
          lemuel_doored_altar, kennysheep_big_empty_room
D:4:      layout_cave_pools, temple_statues, uniq_ijyb, uniq_eustachio
D:5:      layout_basic, grunt_temple_overflow_diamond, uniq_menkaure,
          uniq_duvessa, uniq_grinder
D:6:      layout_rooms, nicolae_overflow_crystal_walls,
          amcnicky_mini_rare_corridor_liquid
D:7:      layout_loops_ring, nzn_wu_jian_contemplation, serial_bayou_lagoon_a
D:8:      layout_loops_ring, serial_shops, nicolae_shop_advertising_works
          [nicolae_subvault_shop_adworks], nicolae_shop_tiny_waterfront,
          mrwooster_statue_mirror
D:9:      layout_roguey, elyvilon_altar_3, old_standard_altar,
          hellmonk_lair_entry_icy, enter_bailey_5,
          chequers_serial_rivers_small_3, fountainhead
D:10:     cheibrodos_histonic, layout_irregular_city,
          mainiacjoe_overflow_surrounded_room
D:11:     layout_long_grid
D:12:     layout_rooms
D:13:     minmay_separated_statues, layout_long_grid,
          skrybe_vaults_entry_preservation, nicolae_ru_great_annihilating_truth,
          uniq_frances, uniq_jorgrun, uniq_urug

Skill      XL: |  1  2  3  4  5  6  7  8  9 10 11 12 |
---------------+-------------------------------------+-----
Fighting       | 4 5 6 7 8 9 11 12 | 12.3
Axes           | 4 5 6 7 8 9 11 12 | 12.4
Shields        | 1 2 3 4 6 7 9 10 11 | 11.7
Armour         | 3 4 5 6 8 9 10 12 | 12.0
Dodging        | 3 4 5 6 7 8 10 11 | 11.1

Action                     |  1- 3 |  4- 6 |  7- 9 | 10-12 || total
---------------------------+-------+-------+-------+-------++-------
  Melee: Hand axe          |    51 |    72 |       |       ||   123
         Headbutt          |     8 |    15 |    48 |   108 ||   179
         War axe           |       |    50 |   299 |   486 ||   835
         Punch             |       |     1 |     2 |       ||     3
  Throw: Dart              |       |     1 |     9 |       ||    10
 Invoke: Berserk           |     2 |     3 |     7 |    17 ||    29
         Trog's Hand       |       |       |       |     1 ||     1
    Use: Scroll            |       |       |    13 |     4 ||    17
 Armour: Animal skin       |     2 |       |       |       ||     2
         Ring mail         |    12 |       |       |       ||    12
         Scale mail        |     1 |    65 |     3 |       ||    69
         Chain mail        |       |       |   101 |       ||   101
         Plate armour      |       |       |    70 |   256 ||   326
  Dodge: Dodged            |    32 |    81 |   146 |   173 ||   432
  Block: Buckler           |       |       |    41 |   274 ||   315
         Reflection        |       |       |       |    14 ||    14
